 Dungeon Crawl Stone Soup version 0.24.0-13-gcf9b319 (webtiles) character file.

Game seed: 13092979028151732736, levelgen mode: deterministic

31 Bronimir the Chiller (level 3, -4/24 HPs)
             Began as a Barachi Ice Elementalist on Mar 31, 2020.
             Killed from afar by Ijyb (14 damage)
             ... with an iceblast
             ... on level 2 of the Dungeon.
             The game lasted 00:02:32 (900 turns).

Bronimir the Chiller (Barachi Ice Elementalist)      Turns: 900, Time: 00:02:33

Health: -4/24      AC:  3    Str: 10    XL:     3   Next: 22%
Magic:  1/6        EV: 12    Int: 15    God:
Gold:   59         SH:  0    Dex: 12    Spells: 0/6 levels left

rFire    . . .     SeeInvis .   g - +0 mace
rCold    . . .     Gourm    .   (no shield)
rNeg     . . .     Faith    .   l - +0 leather armour
rPois    .         Spirit   .   (no helmet)
rElec    .         Reflect  .   (no cloak)
rCorr    .         Harm     .   (no gloves)
MR       .....                  (no boots)
Stlth    ++........             (no amulet)
HPRegen  0.08/turn              (no ring)
MPRegen  0.10/turn              (no ring)

@: can't hop, very slightly contaminated, slow
A: +LOS, swims, slowness 1, strong legs 1
a: Hop


You were on level 2 of the Dungeon.
You were hungry.

You visited 1 branch of the dungeon, and saw 2 of its levels.

You collected 59 gold pieces.

Inventory:

Hand Weapons
 e - a +2 dagger of draining
 g - a +0 mace (weapon)
 r - a +0 hunting sling
Missiles
 d - 72 stones (quivered)
 f - 7 sling bullets
 n - 23 bolts
 o - 19 arrows
Armour
 a - a +0 robe
 l - a +0 leather armour (worn)
Scrolls
 h - a scroll of noise {unknown}
 j - a scroll of identify {unknown}
 m - a scroll of fear {unknown}
 q - a scroll of amnesia {unknown}
Potions
 b - 3 potions of curing {unknown}
 i - a potion of mutation {unknown}
 k - a potion of invisibility {unknown}
 p - a potion of degeneration {unknown}
Comestibles
 c - 3 rations


   Skills:
 + Level 0.4 Maces & Flails
 + Level 2.4 Dodging
 - Level 2.1 Stealth
 * Level 2.3 Spellcasting
 + Level 1.1 Conjurations
 * Level 4.5 Ice Magic


You couldn't memorise any spells.
You knew the following spells:

 Your Spells              Type           Power        Failure   Level  Hunger
a - Freeze                Ice            ###.         4%          1    #......
b - Throw Frost           Conj/Ice       ##....       14%         2    ###....
c - Ozocubu's Armour      Chrm/Ice       #.......     34%         3    ###....

Your spell library contained the following spells:

 Spells                   Type           Power        Failure   Level  Hunger
 Throw Icicle             Conj/Ice       ##......     67%         4    #####..
 Summon Ice Beast         Ice/Summ       #.......     75%         4    #####..


Dungeon Overview and Level Annotations

Branches:
Dungeon (2/15)

Altars:

Annotations:
D:2 Ijyb


Innate Abilities, Weirdness & Mutations

Shadows flee at your approach. (+LOS)
You can swim through water.
You cover ground slowly.
You can hop short distances.


Message History

Ijyb hits you with a +0 club. The goblin hits you with a +0 club.
Casting: Freeze (safe; 4% risk of failure)
Confirm with . or Enter, or press ? or * to list all spells.
Aiming: Freeze (safe; 4% risk of failure)
Press: ? - help, Shift-Dir - straight line, f/p - Ijyb
Aim: Ijyb, wielding a +0 club, wearing a +0 leather armour and carrying a wand of iceblast (11) (moderately wounded)
You freeze Ijyb.
Ijyb is moderately wounded.
Ijyb misses you. The goblin hits you with a +0 club.
Casting: Freeze (safe; 4% risk of failure)
Confirm with . or Enter, or press ? or * to list all spells.
You don't have enough magic to cast that spell.
Unknown command.
Hop to where?
Press: ? - help, Dir - move target cursor, p - Ijyb Boing!
Ijyb screams, "It's all mine!"
Ijyb zaps a wand.
The mass of ice explodes!
The iceblast engulfs you!
Ouch! That really hurt!
You die...

...................#
....#..............#
....#..............#
....##.............#
.................###
........########.#
........# #.#
....##<## #.#
....############@#
...............#.#
######.#######.#g#
.8.8g8.......#.#g#
.g....g.#.#....g.#
....g.g.#.####.###
........#.g.(g.#
........########
........#


You could see Ijyb and 2 goblins.

Vanquished Creatures
  An ooze (D:1)
  A worm (D:2)
  2 dart slugs (D:1)
  2 leopard geckos (D:1)
  A giant cockroach (D:1)
  3 goblins
  A hobgoblin (D:1)
  2 kobolds (D:1)
  2 bats (D:1)
  4 rats
19 creatures vanquished.

Notes
Turn   | Place    | Note
-------+----------+-------------------------------------------
     0 | D:1      | Bronimir the Barachi Ice Elementalist began the quest for
                  | the Orb.
     0 | D:1      | Reached XP level 1. HP: 13/13 MP: 3/3
   155 | D:1      | Reached skill level 4 in Ice Magic
   199 | D:1      | Reached XP level 2. HP: 16/19 MP: 0/5
   680 | D:1      | Reached XP level 3. HP: 20/24 MP: 2/6
   739 | D:2      | Learned a level 2 spell: Throw Frost
   796 | D:2      | Learned a level 3 spell: Ozocubu's Armour
   863 | D:2      | Noticed Ijyb
   900 | D:2      | Killed from afar by Ijyb

Levels and vault maps discovered:
D:1:      dpeg_arrival_three_same_balls, layout_basic, serial_glass,
          glass_columns_c, glass_columns_c, dk_noncrumbling_4
D:2:      kennysheep_the_goblin_king, layout_basic, nicolae_ru_awakened_eye

Skill      XL: |  1  2 |
---------------+-------+-----
Ice Magic      | 4 |  4.5
Stealth        | 2 |  2.1
Maces & Flails | |  0.4
Dodging        | |  2.4
Spellcasting   | |  2.3
Conjurations   | |  1.1

Action                   || total
-------------------------++-------
Melee: Dagger            ||    12
       Mace              ||    40
 Cast: Freeze            ||    14
       Ozocubu's Armour  ||     1
 Abil: Hop               ||     1
 Stab: Sleeping          ||     1
Armor: Robe              ||     1
       Leather armour    ||    22
Dodge: Dodged            ||    57
